 Dungeon Crawl Stone Soup version 0.25.1-2-g60ff931df9 (webtiles) character file.

Game seed: 3172913796823115267

49 DogServant the Insei (level 3, -1/26 HPs)
             Began as a Merfolk Transmuter on Oct 18, 2020.
             Killed by nerve-wracking pain
             ... invoked by Menkaure
              (6 damage)
             ... on level 5 of the Dungeon.
             The game lasted 00:03:05 (2564 turns).

DogServant the Insei (Merfolk Transmuter)           Turns: 2564, Time: 00:03:05

Health: -1/26      AC:  2    Str: 10    XL:     3   Next: 77%
Magic:  6/6        EV: 13    Int: 12    God:
Gold:   43         SH:  0    Dex: 15    Spells: 3/6 levels left

rFire    . . .     SeeInvis .     - Unarmed
rCold    . . .     Gourm    .   (no shield)
rNeg     . . .     Faith    .   b - +0 robe
rPois    .         Spirit   .   (no helmet)
rElec    .         Reflect  .   (no cloak)
rCorr    .         Harm     .   (no gloves)
MR       .....                  (no boots)
Stlth    +.........             (no amulet)
HPRegen  0.08/turn              (no ring)
MPRegen  0.10/turn              (no ring)

@: no status effects
A: change form in water, swift swim, stealthy swim
a: no special abilities


You were on level 5 of the Dungeon.
You were hungry.

You visited 1 branch of the dungeon, and saw 4 of its levels.

You collected 43 gold pieces.

Inventory:

Missiles
 a - 61 arrows
 k - 18 poisoned darts (quivered)
Armour
 b - a +0 robe (worn)
 h - a +2 helmet
 i - a +0 leather armour
Scrolls
 f - 3 scrolls of remove curse
Comestibles
 d - 6 rations


   Skills:
 - Level 1.1 Fighting
 - Level 2.6 Dodging
 + Level 4.2 Unarmed Combat
 - Level 2.0 Spellcasting
 + Level 4.2 Transmutations


You had 3 spell levels left.
You knew the following spells:

 Your Spells              Type           Power        Failure   Level  Hunger
a - Beastly Appendage     Tmut           ##....       4%          1    ##.....
b - Sticks to Snakes      Tmut           ##......     8%          2    ###....

Your spell library contained the following spells:

 Spells                   Type           Power        Failure   Level  Hunger
 Spider Form              Tmut/Pois      #.........   34%         3    ####...
 Ice Form                 Ice/Tmut       #.......     75%         4    #####..
 Blade Hands              Tmut           ##........   80%         5    ######.


Dungeon Overview and Level Annotations

Branches:
Dungeon (3/15)

Altars:
Elyvilon
Nemelex Xobeh

Annotations:
D:3 Grinder
D:5 Menkaure


Message History

You are feeling hungry.
Found a scroll of remove curse.
You fall into a shaft and drop 2 floors!
The shaft crumbles and collapses.
You hear the hiss of flowing sand.
There is an entrance to an ossuary on this level.
Hurry and find it before the portal is buried!
HP restored.
You now have 43 gold pieces (gained 13).
Found a white marble altar of Elyvilon.
A shadow imp and Menkaure come into view.
The shadow imp shouts!
Menkaure shouts!
Menkaure hits you!!
Ouch! That really hurt!
* * * LOW HITPOINT WARNING * * *
Found 19 bolts.
You aren't carrying any potions.
Okay, then.
Menkaure gestures at you while chanting.
Pain shoots through your body!
You die...

... ...
##.#
##...#
#.....#
.......###
...5...M.#
.......#.#
#.....##@#
##(..##..#
##.#
##.######
#.
##.....# .
#.####.# .
#.## #.#
#.. #.#
...# #.#
.### #.#


You could see Menkaure.

Vanquished Creatures
  2 worms (D:2)
  2 dart slugs (D:1)
  2 leopard geckos
  3 orcs (D:3)
  2 bats (D:2)
  3 giant cockroaches
  A hobgoblin (D:1)
  2 jackals (D:3)
  A quokka (D:3)
  3 frilled lizards
  2 goblins
  4 kobolds
  8 rats
35 creatures vanquished.

Notes
Turn   | Place    | Note
-------+----------+-------------------------------------------
     0 | D:1      | DogServant the Merfolk Transmuter began the quest for the
                  | Orb.
     0 | D:1      | Reached XP level 1. HP: 15/15 MP: 3/3
   238 | D:1      | Reached XP level 2. HP: 16/21 MP: 3/5
  1328 | D:2      | Learned a level 2 spell: Sticks to Snakes
  1345 | D:2      | Reached XP level 3. HP: 26/26 MP: 4/6
  2073 | D:2      | Found a sparkling altar of Nemelex Xobeh.
  2276 | D:3      | Noticed Grinder
  2530 | D:3      | You fall into a shaft and drop 2 floors!
  2530 | D:5      | Entered Level 5 of the Dungeon
  2561 | D:5      | Found a white marble altar of Elyvilon.
  2562 | D:5      | Noticed Menkaure
  2564 | D:5      | Killed from afar by Menkaure

Illustrated notes

Levels and vault maps discovered:
D:1:      lightli_arrival_windingriver, layout_basic
D:2:      minmay_door_path, layout_basic, nemelex_altar_shiori,
          grunt_ministairs_6
D:3:      layout_rooms, uniq_robin, uniq_crazy_yiuf_cottage, uniq_grinder
D:5:      layout_loops_ring, lemuel_round_altar, temple_hall, first_ration,
          chequers_ossuary_entry_cave, uniq_blork_the_orc, uniq_duvessa,
          uniq_menkaure

Skill      XL: |  1  2  3 |
---------------+----------+-----
Transmutations | 3 4 |  4.2
Unarmed Combat | 4 |  4.2
Fighting       | |  1.1
Dodging        | |  2.6
Spellcasting   | |  2.0

Action                   || total
-------------------------++-------
Melee: Unarmed           ||   102
       Headbutt          ||    12
       Punch             ||     2
 Cast: Beastly Appendage ||    21
  Use: Scroll            ||     4
       Potion            ||     1
 Stab: Sleeping          ||     2
  Eat: Chunk             ||     5
Armor: Robe              ||     6
Dodge: Dodged            ||    52
